 Dungeon Crawl Stone Soup version 0.18.1-48-g4cf74bf (webtiles) character file.

588 kobby the Skirmisher (level 7, 0/44 HPs)
             Began as a Tengu Berserker on July 12, 2016.
             Was a Priest of Trog.
             Slain by an orc (3 damage)
             ... on level 5 of the Dungeon.
             The game lasted 00:09:46 (3341 turns).

kobby the Skirmisher (Tengu Berserker)              Turns: 3341, Time: 00:09:47

Health: 0/44       AC:  7    Str: 19 (20) XL:     7   Next: 38%
Magic:  8/8        EV: 12    Int:  5 (7)  God:    Trog [***...]
Gold:   207        SH:  0    Dex: 11 (13) Spells: 0 memorised, 6 levels left

rFire  + . .     SeeInvis .     a - +1 hand axe
rCold  . . .     Gourm    .     t - +2 ring mail {rF+}
rNeg   . . .     Faith    .     (no shield)
rPois  .         Spirit   .     (helmet restricted)
rElec  .         Dismiss  .     (no cloak)
rCorr  .         Reflect  .     (no gloves)
SustAt .         Harm     .     (boots unavailable)
MR     ++...                    (no amulet)
Stlth  +.........               (no ring)
                                (no ring)

@: exhausted, regenerating, slowed, very slow, very resistant to hostile
enchantments, very unstealthy
A: beak, talons 3, able to fly 1
a: Fly, Berserk, Trog's Hand, Burn Spellbooks, Renounce Religion


You were on level 5 of the Dungeon.
You worshipped Trog.
Trog was most pleased with you.
You were very full.

You visited 1 branch of the dungeon, and saw 5 of its levels.

You collected 207 gold pieces.

Inventory:

Hand Weapons
 a - a +1 hand axe (weapon)
Armour
 b - a +0 animal skin
 g - a +0 robe
 n - a +0 scale mail
 t - a +2 ring mail of fire resistance (worn)
Jewellery
 j - a cursed ring of teleportation
 p - an uncursed ring of protection from magic {unknown}
Scrolls
 d - 2 scrolls of remove curse
 q - a scroll of enchant armour {unknown}
 r - a scroll of blinking {unknown}
Potions
 l - a potion of heal wounds {unknown}
 m - a potion of might {unknown}
 s - a potion of flight {unknown}
Books
 f - a book of Geomancy

   Spells                             Type                      Level
   a - Sandblast                      Earth                        1
   b - Passwall                       Transmutation/Earth          2
   c - Stone Arrow                    Conjuration/Earth            3
   d - Petrify                        Transmutation/Earth          4
   e - Lee's Rapid Deconstruction     Earth                        5
   Trog disapproves of the use of such an item.
 i - a book of Beasts

   Spells                             Type                      Level
   a - Summon Butterflies             Summoning                    1
   b - Call Canine Familiar           Summoning                    3
   c - Summon Ice Beast               Ice/Summoning                4
   d - Summon Mana Viper              Hexes/Summoning              5
   e - Summon Hydra                   Summoning                    7
   Trog disapproves of the use of such an item.
Comestibles
 c - 3 bread rations


   Skills:
 * Level 5.3 Fighting
 + Level 4.8 Axes
 + Level 4.0 Armour
 + Level 5.0 Dodging
 + Level 0.7 Stealth


You had 6 spell levels left.
You didn't know any spells.

Dungeon Overview and Level Annotations

Branches:
Dungeon (5/15)             Temple (0/1) D:4

Altars:
Vehumet
Xom


Innate Abilities, Weirdness & Mutations

You have a beak for a mouth.
You have claws for feet.
You can fly.


Message History

The orc is severely wounded.
You hit the orc.
You kill the orc!
Trog accepts your kill.
The orc wizard gestures at you while chanting.
The puff of flame hits you! You resist.
* * * LOW HITPOINT WARNING * * *
The orc barely misses you.
The orc wizard hits you but does no damage.
You hit the orc wizard.
The orc wizard is moderately wounded.
You barely miss the orc.
The orc is severely wounded.
The orc hits you.
* * * LOW HITPOINT WARNING * * *
The orc wizard points at you and mumbles some strange words.
The puff of frost hits you!
* * * LOW HITPOINT WARNING * * *
The orc hits you.
You die...

# .####
###....
#.).#####
#@o......
#o).#####
##.## .#
.# .# .#
..


You could see an orc wizard and an orc.

Vanquished Creatures
  The ghost of mindo the Magician, an amateur HEFE (D:3)
  Blork the orc (D:4)
  2 scorpions (D:4)
  A howler monkey (D:4)
  A crimson imp (D:4)
  2 orc wizards (D:4)
  Jessica (D:2)
  Natasha (twice) (D:4)
  A worker ant (D:4)
  3 adders
  3 oozes
  An adder skeleton (D:4)
  A worm (D:3)
  2 giant geckos
  8 orcs
  4 giant cockroaches
  11 goblins
  7 hobgoblins
  3 quokkas
  8 bats
  A giant gecko skeleton (D:4)
  5 giant newts
  3 kobolds
  10 rats
82 creatures vanquished.

Notes
Turn   | Place    | Note
--------------------------------------------------------------
     0 | D:1      | kobby the Tengu Berserker began the quest for the Orb.
     0 | D:1      | Reached XP level 1. HP: 14/14 MP: 2/2
   191 | D:1      | Reached XP level 2. HP: 15/19 MP: 3/3
   683 | D:1      | Reached ** piety under Trog
   777 | D:2      | Noticed Jessica
   951 | D:1      | Reached XP level 3. HP: 5/23 MP: 4/4
  1386 | D:2      | Killed Jessica
  1429 | D:2      | Reached XP level 4. HP: 18/28 MP: 5/5
  1831 | D:3      | Found a radiant altar of Vehumet.
  1836 | D:3      | Noticed mindo's ghost (amateur HEFE)
  1847 | D:3      | Killed mindo's ghost
  1847 | D:3      | Gained mutation: You can fly. [Tengu growth]
  1847 | D:3      | Reached XP level 5. HP: 33/33 MP: 6/6
  2267 | D:3      | Found a shimmering altar of Xom.
  2515 | D:4      | Reached XP level 6. HP: 31/38 MP: 7/7
  2653 | D:4      | Reached *** piety under Trog
  2763 | D:4      | Found a staircase to the Ecumenical Temple.
  2764 | D:4      | Noticed Natasha
  2780 | D:4      | Noticed Blork the orc
  2785 | D:4      | Killed Blork the orc
  2891 | D:4      | HP: 2/40 [poisoned by a worker ant]
  2899 | D:4      | HP: 1/40 [poisoned by a worker ant]
  2942 | D:4      | Reached skill level 5 in Fighting
  2942 | D:4      | Reached XP level 7. HP: 40/44 MP: 8/8
  3136 | D:4      | Killed Natasha
  3139 | D:4      | Reached skill level 5 in Dodging
  3313 | D:4      | Noticed Natasha
  3320 | D:4      | Killed Natasha
  3333 | D:5      | Entered Level 5 of the Dungeon
  3337 | D:5      | HP: 2/44 [orc wizard/dagger (4)]
  3341 | D:5      | Slain by an orc

Skill      XL: |  1  2  3  4  5  6  7 |
---------------+----------------------+-----
Dodging        | 3 4 5 |  5.0
Axes           | 4 |  4.8
Fighting       | 4 5 |  5.3
Armour         | 3 4 |  4.0
Stealth        | |  0.7

Action                   |  1- 3 |  4- 6 |  7- 9 || total
-------------------------+-------+-------+-------++-------
Melee: Hand axe          |    63 |   190 |    20 ||   273
       Kick              |    10 |    39 |     6 ||    55
       Peck              |     7 |    36 |     1 ||    44
Invok: Berserk           |     2 |     3 |     2 ||     7
       Trog's Hand       |       |       |     1 ||     1
  Use: Scroll            |     3 |       |     3 ||     6
       Potion            |       |     2 |     2 ||     4
  Eat: Meat ration       |     1 |     1 |       ||     2
       Beef jerky        |       |     1 |     1 ||     2
       Bread ration      |       |       |     2 ||     2
Armor: Animal skin       |     5 |       |       ||     5
       Robe              |     9 |     4 |       ||    13
       Scale mail        |       |    54 |       ||    54
       Ring mail         |       |       |    18 ||    18
Dodge: Dodged            |    45 |    83 |    34 ||   162
